 Dungeon Crawl Stone Soup version 0.31.0-11-ge490571c62 (webtiles) character file.

Game seed: 16947471295795864952

908 RepHenryClay the Cudgeller (level 8, -4/61 HPs)
             Began as a Ghoul Gladiator on Jan 28, 2024.
             Was a Follower of Okawaru.
             Constricted to death by Pikel (6 damage)
             ... on level 5 of the Dungeon.
             The game lasted 00:11:30 (3889 turns).

RepHenryClay the Cudgeller (Ghoul Gladiator)        Turns: 3889, Time: 00:11:30

Health: -4/61      AC:  7    Str: 18    XL:     8   Next: 8%
Magic:  9/11       EV:  9    Int:  7    God:    Okawaru [*.....]
Gold:   288        SH:  0    Dex:  8    Spells: 7/7 levels left

rFire   + + +        a - +3 quarterstaff (speed)
rCold   + . .        (shield currently unavailable)
rNeg    + + +        q - +0 ring mail
rPois   ∞            c - +0 helmet
rElec   .            (no cloak)
rCorr   +            (no gloves)
SInv    .            (no boots)
Will    +....        n - amulet of faith
Stlth   ++           f - ring "Nuuriu Vuone" {+Blink rF+++ Will+ rCorr Dex-4}
HPRegen 0.00/turn    (no ring)
MPRegen 0.12/turn

%: faith
@: heroic, grasped by roots, inhibited regen, constricted
A: claws 1, cold resistance 1, negative energy resistance 3, inhibited
regeneration, torment resistance 2, devour on kill
a: Renounce Religion, Evoke Blink, Heroism


You were on level 5 of the Dungeon.
You worshipped Okawaru.
Okawaru was aware of your devotion.
You visited 1 branch of the dungeon, and saw 5 of its levels.
You also visited: Sewer.

You collected 288 gold pieces.

Inventory:

Hand Weapons
 a - a +3 quarterstaff of speed (weapon)
 g - a +0 hand axe of venom
 x - a +0 flail
Missiles
 d - 3 throwing nets
 e - 5 javelins (quivered)
 h - 3 poisoned darts
Armour
 b - a +0 leather armour
 c - a +0 helmet (worn)
 q - a +0 ring mail (worn)
Jewellery
 f - the ring "Nuuriu Vuone" (left claw) {+Blink rF+++ Will+ rCorr Dex-4}
   (You acquired it on level 4 of the Dungeon)

   [ring of willpower]

   Dex-4:     It affects your dexterity (-4).
   rF+++:     It renders you almost immune to fire.
   Will+:     It increases your willpower.
   +Blink:    It lets you blink.
   rCorr:     It protects you from acid and corrosion.
 n - an amulet of faith (around neck)
Scrolls
 o - a scroll of silence
 s - a scroll of vulnerability
 t - 3 scrolls of noise
 v - a scroll of identify {@r1}
Potions
 i - 5 potions of enlightenment
 j - 2 potions of brilliance
 l - a potion of curing
 m - a potion of haste {unknown}
 p - a potion of ambrosia {unknown}
 r - a potion of attraction {unknown}
 u - a potion of mutation {unknown}
 w - a potion of experience {unknown}


   Skills:
 - Level 2.1(7.1) Fighting
 * Level 7.1(12.1) Maces & Flails
 - Level 1.7(6.7) Throwing
 - Level 1.4(6.4) Armour
 - Level 3.2(8.2) Dodging
 + Level 4.6 Invocations


You had 7 spell levels left.
You didn't know any spells.
Your spell library contained the following spells:

 Spells                   Type           Power      Damage    Failure   Level
 Kiss of Death            Conj/Necr      0%         2d5       61%         1
 Confusing Touch          Hex            0%         N/A       93%         3
 Dispel Undead            Necr           0%         3d6       100%        4


Dungeon Overview and Level Annotations

Branches:
Dungeon (5/15)             Temple (0/1) D:4           Sewer (visited)

Altars:
Okawaru

Annotations:
D:4 unfinished
D:5 Pikel


Innate Abilities, Weirdness & Mutations

You are immune to poison.
You have sharp fingernails.
Your flesh is cold resistant. (rC+)
You are immune to negative energy. (rN+++)
You do not regenerate when monsters are visible.
You are immune to unholy pain and torment.
You thrive by killing the living.


Message History

You hit Pikel but do no damage.
Pikel is lightly wounded.
You sock Pikel!
Pikel is heavily wounded.
Pikel zaps a wand.
The roots erupt in riotous growth!
The grasping roots grab you!
Pikel is unaffected.
The grasping roots constrict you!
* * * LOW HITPOINT WARNING * * *
Huge Dmg: -14%(-9hp) hp: 27%(16hp) Level annotation: Pikel Welcome back, RepHenryClay the Ghoul Gladiator.
Okawaru says: Bring me glory in combat!
Press ? for a list of commands and other information.
Okay, then.
Unknown command.
It was a potion of curing.
You feel better.
Pikel hits you with a +1 whip of flaming.
* * * LOW HITPOINT WARNING * * *
The grasping roots constrict you!
* * * LOW HITPOINT WARNING * * *
Huge Dmg: -10%(-6hp) hp: 17%(10hp) Level annotation: Pikel Welcome back, RepHenryClay the Ghoul Gladiator.
Okawaru says: Bring me glory in combat!
Press ? for a list of commands and other information.
Okay, then.
Unknown command.
You gain the combat prowess of a mighty hero.
Pikel hits you with a +1 whip of flaming!
* * * LOW HITPOINT WARNING * * *
The grasping roots constrict you.
Huge Dmg: -13%(-8hp) hp: 4%(2hp) Level annotation: Pikel Welcome back, RepHenryClay the Ghoul Gladiator.
Okawaru says: Bring me glory in combat!
Press ? for a list of commands and other information.
It was a potion of lignification.
You feel woody for a moment. Pikel completely misses you.
The grasping roots constrict you.
You die...
Pikel says, "See you in Hell!"

#.#.## ##.....#
.#.#.# ###.)..<.##
#.#.## #...#.....#
.#.#.## #.####....##
#.#.#.# ##.# ##....#
.#.#..###..##
#....####.
#.#.#.......#
##........
.#.#........#
#.#.###..
.##.#.......# #@#.#
....#.......# #K#.#
###.#.......#
#5....... #.........
.........
#.......#####.#......
#.......# #.#......
###........ ##. #.
.)......... ...#
#.###...........


You could see Pikel and a lemure.

Vanquished Creatures
  Eustachio (D:5)
  2 ogres
  3 lemures (D:5)
  Blork the orc (D:5)
  2 orc priests (D:4)
  Ijyb (D:3)
  4 orc wizards
  Natasha (thrice) (D:3)
  8 adders
  7 gnolls
  A river rat (Sewer)
  4 dart slugs
  2 ribbon worms
  15 orcs
  14 ball pythons
  9 endoplasms
  3 giant cockroaches
  5 goblins
  5 hobgoblins
  2 jackals (Sewer)
  6 quokkas
  8 bats
  9 frilled lizards
  5 kobolds
  A rat (D:3)
121 creatures vanquished.

Notes
Turn   | Place    | Note
-------+----------+-------------------------------------------
     0 | D:1      | RepHenryClay the Ghoul Gladiator began the quest for the
                  | Orb.
     0 | D:1      | Reached XP level 1. HP: 17/17 MP: 1/1
   169 | D:1      | Reached skill level 3 in Maces & Flails
   169 | D:1      | Reached XP level 2. HP: 13/24 MP: 2/2
   171 | D:1      | Reached skill level 1 in Armour
   249 | D:1      | Found a faded altar of an unknown god.
   515 | D:1      | Reached XP level 3. HP: 29/29 MP: 3/3
   946 | D:2      | Reached XP level 4. HP: 33/36 MP: 4/4
  1129 | D:2      | Found an iron altar of Okawaru.
  1149 | D:2      | Reached skill level 4 in Maces & Flails
  1313 | D:2      | Became a worshipper of Warmaster Okawaru
  1510 | D:3      | Noticed Ijyb
  1525 | D:3      | Killed Ijyb
  1526 | D:3      | Reached XP level 5. HP: 40/41 MP: 5/5
  1558 | D:3      | Reached skill level 1 in Invocations
  1796 | D:3      | Noticed Natasha
  1805 | D:3      | Killed Natasha
  1806 | D:3      | Reached XP level 6. HP: 36/48 MP: 7/7
  1918 | D:3      | Noticed Natasha
  1930 | D:3      | Killed Natasha
  1931 | D:3      | Reached skill level 5 in Maces & Flails
  1942 | D:3      | Noticed Natasha
  1948 | D:3      | Killed Natasha
  2212 | D:4      | Found a staircase to the Ecumenical Temple.
  2331 | D:4      | Noticed a black bear
  2455 | D:4      | Identified a scroll of acquirement
  2455 | D:4      | Acquired the ring "Nuuriu Vuone" {+Blink rF+++ Will+ rCorr
                  | Dex-4}
  2489 | D:4      | Reached * piety under Okawaru
  2699 | D:4      | Reached XP level 7. HP: 52/55 MP: 9/9
  2723 | D:4      | Found a glowing drain.
  2728 | Sewer    | Entered a sewer
  3109 | Sewer    | Reached skill level 6 in Maces & Flails
  3438 | D:5      | Entered Level 5 of the Dungeon
  3604 | D:5      | Noticed Eustachio
  3622 | D:5      | Killed Eustachio
  3640 | D:5      | Reached XP level 8. HP: 61/61 MP: 8/11
  3693 | D:5      | Noticed Blork the orc
  3702 | D:5      | Killed Blork the orc
  3703 | D:5      | Reached skill level 7 in Maces & Flails
  3872 | D:5      | Noticed Pikel
  3888 | D:5      | HP: 2/61 [Pikel/+1 whip of flaming (8)]
  3889 | D:5      | Constricted to death by Pikel

Illustrated notes

Levels and vault maps discovered:
D:1:      erik_arrival_blinker_ship, layout_loops_cross,
          nicolae_ecumenical_snake_handling
D:2:      layout_rooms, serial_glass, glass_columns_b, glass_columns_a,
          basic_altar, minmay_shallow_snake_nest
D:3:      layout_loops_ring, lightli_corner_chamber, uniq_natasha, uniq_ijyb
D:4:      layout_loops_cross, nicolae_ru_great_annihilating_truth,
          minmay_temple_entry_mist, portal_sewer_entry_e, minivault_4,
          st_stairs_4, nicolae_elevator_lobby_asterisk
D:5:      layout_rooms, nicolae_gozag_cash_rules_everything_around_me,
          nicolae_overflow_hallway_of_the_gods, minivault_23, uniq_pikel,
          uniq_blork_the_orc, uniq_eustachio

Skill      XL: |  1  2  3  4  5  6  7  8 |
---------------+-------------------------+-----
Maces & Flails | 3 4 5 6 7 |  7.1
Armour         | 1 |  1.4
Dodging        | 3 |  3.2
Invocations    | 1 3 4 |  4.6
Fighting       | |  2.1
Throwing       | |  1.7

Action                     |  1- 3 |  4- 6 |  7- 9 || total
---------------------------+-------+-------+-------++-------
  Melee: Flail             |   107 |    91 |       ||   198
         Punch             |     1 |     1 |       ||     2
         Quarterstaff      |       |    77 |   168 ||   245
  Throw: Dart              |       |    11 |       ||    11
         Javelin           |       |     6 |       ||     6
 Invoke: Heroism           |       |       |     4 ||     4
    Use: Scroll            |       |     9 |     2 ||    11
         Potion            |       |       |     2 ||     2
 Armour: Leather armour    |    53 |     7 |       ||    60
         Ring mail         |       |    94 |    85 ||   179
  Dodge: Dodged            |    75 |   101 |    80 ||   256
